 Dungeon Crawl Stone Soup version 0.29-a0-998-g1987434951 (webtiles) character file.

Game seed: 5313504401944441443

2 snetch the Trooper (level 1, -1/30 HPs)
             Began as a Minotaur Berserker on Aug 5, 2022.
             Was a Follower of Trog.
             Succumbed to an adder's poison
             ... on level 2 of the Dungeon.
             The game lasted 00:00:10 (92 turns).

snetch the Trooper (Minotaur Berserker)               Turns: 92, Time: 00:00:11

Health: -1/30      AC:  2    Str: 21    XL:     1   Next: 25%
Magic:  0/0        EV: 12    Int:  4    God:    Trog [*.....]
Gold:   15         SH:  0    Dex:  9    Spells: 0/0 levels left

rFire   . . .      SeeInvis .   a - +0 hand axe
rCold   . . .      Faith    .   (no shield)
rNeg    . . .      Spirit   .   b - +0 animal skin
rPois   .          Reflect  .   (helmet restricted)
rElec   .          Harm     .   (no cloak)
rCorr   .          Rampage  .   (no gloves)
Will    .....                   (no boots)
Stlth   ..........              (no amulet)
HPRegen 0.10/turn               (no ring)
MPRegen 0.07/turn               (no ring)

@: berserking, lethally poisoned (-1 -> -12), very quick
A: horns 2, retaliatory headbutt
a: Renounce Religion, Berserk


You were on level 2 of the Dungeon.
You worshipped Trog.
Trog was aware of your devotion.
You visited 1 branch of the dungeon, and saw 2 of its levels.

You collected 15 gold pieces.

Inventory:

Hand Weapons
 a - a +0 hand axe (weapon)
Armour
 b - a +0 animal skin (worn)


   Skills:
 + Level 3.7 Fighting
 + Level 3.6 Axes
 + Level 2.4 Armour
 + Level 2.2 Dodging


You couldn't memorise any spells.
You didn't know any spells.
Your spell library was empty.

Dungeon Overview and Level Annotations

Branches:
Dungeon (2/15)

Altars:


Innate Abilities, Weirdness & Mutations

You have a pair of horns on your head.
You reflexively headbutt those who attack you in melee.


Message History

You hit the ball python. The adder bites you.
You are poisoned.
The adder poisons you! The ball python barely misses you. x2
You closely miss the ball python. Your headbutt misses the ball python.
The ball python is moderately wounded.
You barely miss the adder.
You feel sick. The adder bites you. The ball python bites you.
The ball python grabs you. The ball python constricts you. The adder bites you.
You are lethally poisoned!
The adder poisons you! The ball python bites you.
The ball python constricts you.
A red film seems to cover your vision as you go berserk!
You feel yourself moving faster!
You feel mighty!
* * * LOW HITPOINT WARNING * * *
You feel very sick. The adder bites you.
* * * LOW HITPOINT WARNING * * *
The ball python bites you but does no damage.
The ball python constricts you.
You slash the ball python!
You kill the ball python!
Trog accepts your kill.
You slash the adder!
* * * LOW HITPOINT WARNING * * *
You feel sick. The adder bites you.
* * * LOW HITPOINT WARNING * * *
You are more poisoned.
The adder poisons you!
You barely miss the adder. Your headbutt misses the adder.
The adder is severely wounded.
* * * LOW HITPOINT WARNING * * *
You feel sick. The adder bites you but does no damage.
Unknown command.
You slash the adder!
You kill the adder!
Trog accepts your kill.
You hit the rat.
You kill the rat!
Trog accepts your kill.
You die...

#+# #<#
#@#
......††#
.......[#
........#
.###.#..#
.# #.#..#
. # #..#
#...


There were no monsters in sight!

Vanquished Creatures
  An adder (D:2)
  2 ball pythons
  A rat (D:2)
4 creatures vanquished.

Notes
Turn   | Place    | Note
-------+----------+-------------------------------------------
     0 | D:1      | snetch the Minotaur Berserker began the quest for the Orb.
     0 | D:1      | Reached XP level 1. HP: 19/19 MP: 0/0
    91 | D:2      | HP: 1/30 [poisoned by an adder]
    92 | D:2      | Succumbed to an adder's poison

Illustrated notes

Levels and vault maps discovered:
D:1:      minmay_arrival_checkered_box, layout_loops_ring, serial_rivers,
          chequers_serial_rivers_large_b, chequers_serial_rivers_room_b,
          chequers_serial_rivers_room_b, chequers_serial_rivers_room_a,
          chequers_serial_rivers_micro_d, chequers_serial_rivers_small_a,
          serial_shops, nicolae_shop_temple_entry_statues_fountains
D:2:      layout_basic, basic_altar, hellmonk_ecumenical_altar_watching_god,
          lemuel_flame_loot_1

Action                   || total
-------------------------++-------
Melee: Hand axe          ||     6
Invok: Berserk           ||     1
Armor: Animal skin       ||     2
Dodge: Dodged            ||     2

Table legend: (Time is in decaauts)
 A = Elapsed time spent in this place.
 B = Non-inter-level travel time spent in this place.
 C = Inter-level travel time spent in this place.
 D = Time resting spent in this place.
 E = Time spent auto-exploring this place.
 F = Levels seen in this place.
 G = Mean time per level.
                   A        B        C        D        E       F      G
               +--------+--------+--------+--------+--------+-----+--------+
         Total |     91 |     91 |      0 |      0 |     74 |   2 |   45.5 |
       Dungeon |     91 |     91 |      0 |      0 |     74 |   2 |   45.5 |
               +--------+--------+--------+--------+--------+-----+--------+

Top non-repeatable levels by time:
     D:1: 85 daAuts
     D:2: 6 daAuts
